Map: Nightshade LE

Players

LiquidTLO (TLO)

  • Race: Zerg Zerg
  • League: Grandmaster
  • Spawn Location: 5:00

thermostaat (uThermal) - Winner!

  • Race: Terran Terran
  • Spawn Location: 11:00

Event: Cheeseadelphia XI, Cheeseadelphia XI

VOD

Have the link to the VOD?

Description

Time

  • Played on: Dec. 14, 2019, 4:35 p.m.
  • Length: 10:49

All games in this series

Show
View Real Time Build Order
Export as new Build Order

LiquidTLO Zerg 

Build Orders: Hatch First 

Get SALT Encoding   

  12  0:00  Drone  
  13  0:12  Overlord  
  13  0:16  Drone  
  14  0:30  Drone  
  14  0:31  Drone  
  16  0:47  Hatchery  
  15  0:51  Drone  
  15  0:54  Drone  
  17  1:00  Drone  
  18  1:05  Extractor  
  17  1:15  Spawning Pool  
  16  1:19  Drone  
  16  1:21  Drone  
  18  1:27  Drone  
  19  1:38  Drone  
  20  1:49  Overlord  
  20  2:02  Queen x2  
  20  2:04  Metabolic Boost  
  20  2:06  Zergling x2  
  20  2:07  Zergling x2  
  26  2:10  Drone  
  26  2:13  Drone  
  28  2:21  Drone x2  
  29  2:38  Drone  
  29  2:42  Drone, Hatchery  
  30  2:44  Drone  
  30  2:50  Queen  
  33  2:55  Overlord  
  33  2:57  Drone  
  34  3:00  Drone  
  35  3:10  Zergling x2  
  36  3:13  Overlord  
  36  3:14  Drone, Zergling x2  
  36  3:15  Zergling x2, Drone  
  36  3:18  Extractor  
  39  3:21  Drone  
  39  3:26  Roach Warren, Drone  
  40  3:30  Zergling x2  
  41  3:37  Overlord  
  41  3:42  Overlord  
  41  3:47  Drone x2, Overlord  
  43  3:51  Zergling x2  
  43  3:54  Queen  
  47  4:02  Drone  
  47  4:03  Drone x3  
  47  4:06  Roach  
  52  4:10  Roach  
  52  4:12  Roach  
  52  4:14  Roach  
  57  4:17  Roach  
  57  4:20  Roach  
  57  4:24  Roach  
  63  4:26  Roach  
  63  4:31  Roach  
  67  4:32  Roach  
  67  4:33  Roach  
  67  4:37  Roach  
  71  4:42  Roach  
  71  4:44  Drone  
  70  4:46  Drone  
  70  4:48  Drone  
  70  4:51  Drone  
  71  4:56  Drone  
  71  4:57  Drone  
  73  5:00  Drone  
  73  5:02  Spore Crawler  
  73  5:05  Drone  
  73  5:07  Drone  
  73  5:09  Drone  
  73  5:11  Drone  
  73  5:13  Drone  
  77  5:15  Drone  
  77  5:17  Drone  
  77  5:18  Drone  
  74  5:21  Drone  
  74  5:22  Drone  
  74  5:24  Drone  
  74  5:26  Ravager x3  
  80  5:28  Drone  
  80  5:30  Drone  
  80  5:34  Overlord  
  81  5:41  Overlord  
  81  5:43  Lair  
  81  5:53  Drone  
  81  5:54  Drone, Evolution Chamber  
  81  5:55  Drone, Evolution Chamber  
  82  5:58  Drone x2  
  82  5:59  Baneling Nest  
  82  6:01  Drone x2  
  82  6:02  Drone  
  82  6:03  Drone  
  87  6:04  Drone  
  87  6:05  Drone x2  
  87  6:08  Drone  
  87  6:09  Drone  
  87  6:10  Drone  
  87  6:11  Drone  
  94  6:14  Drone, Extractor  
  94  6:15  Extractor  
  94  6:16  Drone  
  94  6:17  Drone  
  95  6:19  Overlord  
  95  6:21  Overlord  
  95  6:25  Overlord  
  95  6:32  Overlord  
  95  6:34  Overlord  
  95  6:35  Overlord  
  95  6:38  Drone x2  
  97  6:42  Zergling x2  
  97  6:43  Centrifical Hooks  
  97  6:44  Zerg Ground Armor Level 1  
  97  6:45  Drone  
  97  6:46  Zergling x2, Extractor  
  99  6:47  Zergling x4  
  99  6:48  Extractor  
  99  6:51  Zergling x2  
  99  6:52  Drone x2  
  99  6:53  Drone  
  104  6:56  Drone  
  104  6:58  Zerg Melee Weapons Level 1  
  104  7:00  Zergling x2  
  106  7:02  Drone  
  106  7:03  Zergling x2, Hydralisk Den  
  106  7:04  Drone  
  106  7:05  Drone  
  106  7:07  Drone  
  110  7:15  Hatchery  
  109  7:17  Drone, Zergling x4  
  109  7:18  Zergling x2  
  109  7:19  Zergling x2  
  109  7:20  Zergling x2  
  109  7:22  Zergling x2  
  116  7:24  Drone  
  116  7:29  Queen  
  119  7:31  Overlord  
  119  7:34  Muscular Augments, Hydralisk x2  
  119  7:36  Baneling x2  
  123  7:37  Baneling x3  
  123  7:38  Baneling  
  123  7:42  Overlord  
  122  7:45  Overlord  
  122  7:47  Drone  
  122  7:48  Drone  
  122  7:49  Drone x2  
  124  7:51  Overlord  
  124  7:54  Hatchery  
  124  7:55  Drone  
  124  7:56  Drone  
  124  7:57  Drone, Hydralisk  
  127  8:01  Hydralisk  
  123  8:07  Hydralisk x2  
  123  8:14  Hydralisk  
  123  8:15  Hydralisk x2  
  123  8:17  Hydralisk  
  118  8:23  Drone x3  
  118  8:24  Drone  
  106  8:27  Hydralisk x2  
  106  8:30  Drone  
  106  8:31  Zergling x2  
  107  8:35  Zergling x2  
  107  8:37  Zergling x2  
  107  8:38  Hydralisk  
  111  8:46  Grooved Spines  
  111  8:47  Zergling x4  
  113  8:50  Zergling x4  
  113  8:52  Zergling x2  
  113  8:53  Zergling x2  
  117  8:55  Zergling x2  
  117  8:58  Queen x2  
  117  9:01  Zergling x2  
  117  9:02  Zergling x2  
  124  9:07  Zergling x2  
  124  9:08  Zergling x2  
  126  9:12  Baneling x16  
  126  9:14  Zergling x2  
  126  9:15  Zergling x2  
  126  9:17  Zergling x2, Drone  
  129  9:22  Zergling x2  
  132  9:24  Zergling x2  
  132  9:31  Zergling x2  
  131  9:32  Zergling x4  
  131  9:35  Zergling x2  
  131  9:36  Zergling x4  
  132  9:39  Zergling x4  
  132  9:43  Zergling x2  
  135  9:46  Infestation Pit  
  135  9:47  Drone x2  
  135  9:48  Drone  
  135  9:49  Lurker Den, Drone x2  
  135  9:50  Extractor x2  
  136  9:54  Ravager x2  
  136  9:55  Ravager  
  136  9:56  Zergling x4  
  136  9:58  Zergling x4  
  143  10:00  Zergling x2  
  143  10:01  Zergling x4  
  143  10:03  Queen  
  143  10:04  Queen  
  143  10:06  Zergling x2  
  151  10:08  Zergling x2  
  148  10:14  Zergling x4  
  148  10:15  Zergling x2  
  148  10:18  Zergling x2  
  148  10:20  Zergling x2, Baneling x9  
  148  10:21  Zergling x2  
  152  10:26  Zergling x2  
  152  10:27  Zergling x6  
  152  10:28  Zergling x2  
  147  10:30  Zergling x2  
  147  10:32  Zergling x2  
Show
View Real Time Build Order
Export as new Build Order

thermostaat Terran - Winner!

Build Orders: Liberator Opening, Reaper Expand 

Get SALT Encoding   

  12  0:01  SCV  
  13  0:13  SCV  
  14  0:17  Supply Depot  
  14  0:25  SCV  
  15  0:39  SCV  
  15  0:42  Barracks, Refinery  
  16  0:51  SCV  
  17  1:03  SCV  
  18  1:15  SCV  
  19  1:29  Orbital Command, Reaper  
  20  1:38  Command Center  
  20  1:49  Supply Depot  
  20  1:55  SCV  
  20  2:00  Marine  
  22  2:07  SCV  
  23  2:09  Factory  
  23  2:14  Refinery  
  23  2:19  SCV  
  23  2:20  Barracks Reactor  
  24  2:31  SCV  
  25  2:43  SCV  
  26  2:52  Orbital Command  
  26  2:54  Starport  
  26  2:55  SCV  
  27  3:01  Hellion x2  
  27  3:02  Barracks Tech Lab  
  31  3:08  SCV  
  32  3:14  Liberator, Supply Depot  
  32  3:17  SCV  
  33  3:20  SCV  
  33  3:22  Hellion x2  
  38  3:30  SCV  
  38  3:32  SCV  
  43  3:39  Supply Depot  
  43  3:44  Hellion x2  
  43  3:45  SCV  
  43  3:47  SCV  
  48  3:57  SCV  
  48  3:59  SCV  
  50  4:03  Command Center  
  50  4:10  Stimpack, Marine  
  50  4:14  Factory Tech Lab, SCV  
  50  4:15  SCV  
  53  4:19  Starport Reactor  
  53  4:26  SCV  
  53  4:27  Marine  
  53  4:31  Barracks, SCV  
  56  4:32  Barracks  
  56  4:35  Siege Tank  
  59  4:39  SCV  
  58  4:47  SCV  
  58  4:52  SCV  
  56  4:53  Supply Depot  
  56  4:56  Bunker, Marine  
  56  4:59  SCV  
  52  5:04  Starport Reactor  
  52  5:05  SCV  
  52  5:06  Bunker  
  52  5:08  Siege Tank  
  52  5:13  Engineering Bay, SCV  
  56  5:14  Engineering Bay  
  56  5:16  Refinery  
  56  5:17  SCV, Marine  
  56  5:18  Refinery  
  57  5:23  Orbital Command  
  57  5:25  SCV  
  57  5:26  Marine x2  
  57  5:30  SCV  
  57  5:34  Marine x2  
  57  5:35  Orbital Command, Marine  
  61  5:37  SCV  
  61  5:42  Terran Infantry Weapons Level 1, Terran Infantry Armor Level 1  
  62  5:44  Marine  
  62  5:45  Marine  
  64  5:52  Supply Depot, Marine x3  
  67  5:57  Medivac  
  67  6:00  Supply Depot  
  69  6:11  Supply Depot  
  69  6:12  Combat Shield  
  69  6:13  SCV, Medivac, Marine x3  
  69  6:14  Marine  
  69  6:16  SCV  
  69  6:17  Orbital Command  
  77  6:21  Marine  
  77  6:25  Siege Tank  
  81  6:27  SCV  
  81  6:31  Marine x2  
  84  6:35  Marine x2  
  84  6:38  Medivac  
  84  6:39  Marine  
  89  6:40  SCV  
  89  6:42  SCV  
  91  6:49  Supply Depot  
  91  6:52  Barracks  
  91  6:53  Barracks, Marine  
  92  6:55  Armory  
  92  7:00  Supply Depot  
  92  7:02  SCV, Marine x2  
  92  7:03  SCV  
  92  7:07  Marine x2  
  98  7:09  Supply Depot  
  98  7:11  Marine  
  98  7:14  SCV  
  100  7:16  SCV  
  100  7:20  Supply Depot, Marine x2  
  100  7:22  Medivac  
  105  7:25  SCV  
  105  7:27  SCV  
  105  7:28  SCV  
  105  7:29  Supply Depot  
  108  7:31  Marine x2  
  108  7:36  Siege Tank  
  113  7:37  SCV  
  113  7:39  Marine  
  113  7:43  Medivac  
  118  7:45  Terran Infantry Weapons Level 2  
  117  7:51  Terran Infantry Armor Level 2  
  117  7:52  Supply Depot  
  117  7:55  Marine x2, Terran Vehicle Weapons Level 1  
  117  7:56  Barracks Reactor x2  
  119  8:01  Marine x2  
  121  8:09  Marine  
  121  8:11  Siege Tank  
  122  8:13  Medivac, Marine x2  
  122  8:19  Marine x2  
  121  8:27  Supply Depot, Marine  
  121  8:29  Medivac  
  121  8:31  Marine x2  
  121  8:32  Marine  
  125  8:35  Marine  
  125  8:36  Marine  
  125  8:37  Marine  
  125  8:38  Barracks  
  125  8:39  Barracks, Marine  
  125  8:40  Supply Depot  
  125  8:41  Barracks, Supply Depot  
  129  8:43  Siege Tank, Medivac  
  129  8:44  Marine  
  129  8:45  Marine  
  136  8:48  Marine  
  136  8:49  Marine x2  
  136  8:50  Supply Depot  
  136  8:52  Marine  
  136  8:54  Marine x2  
  142  8:57  Supply Depot, Marine  
  142  8:59  Medivac  
  142  9:02  Marine  
  146  9:03  Marine  
  146  9:05  Command Center  
  146  9:06  Marine  
  148  9:10  Marine  
  148  9:16  Siege Tank, Marine x3  
  157  9:19  Missile Turret  
  157  9:21  Marine x2  
  157  9:22  Missile Turret  
  157  9:23  Sensor Tower  
  157  9:29  Medivac, Marine x2  
  157  9:30  Marine  
  162  9:35  Medivac, Marine  
  164  9:40  Marine x2  
  164  9:41  Marine  
  164  9:43  Marine x2  
  164  9:44  Marine x2  
  164  9:45  Marine  
  171  9:46  Supply Depot x2  
  171  9:47  Marine x3  
  171  9:52  Siege Tank, Marine  
  177  9:58  Marine x2  
  177  9:59  Marine  
  183  10:00  Marine  
  183  10:02  Marine x2  
  183  10:06  Marine x3  
  183  10:07  Marine  
  187  10:14  Marine x2  
  186  10:19  Marine x4  
  186  10:20  Marine  
Tags
 
Add a new tag
Caveats
  • Supply blocks, unpowered buildings, or Contaminate may cause inaccurate times.
  • Supply counts are checked every 10 seconds.